AoeStats
← Moul_Thon

Arena

509253401Analyzed
3v3 RM · 7d ago on Sep 26, 2026· 62m 28s· 6 players
Game mode
Random Map
Map size
Normal (6 player)
Population
200
Speed
Normal
Resources
Standard
Victory
Conquest
Starting age
Dark Age
Ending age
Imperial Age
RankedLock teamsTeams togetherTeam positionsShared explorationLock speedFull tech treeHidden civsTurbo modeCheats
Victory
Defeat
🇨🇱 Wu · Chile
1218
+17
🇨🇱 Franks · Chile
1189
+19
🇨🇱 Saxons · Chile
1185
+19
🇲🇦 Celts · Morocco
1281
-20
🇲🇦 Celts · Morocco
1258
-19
🇲🇦 Celts · Morocco
1197
-16
PACS ._.
11:57 Feudal Age
16:00 Castle Age
25:03 Fortified Wall
28:07 Horse Collar
28:14 Double-Bit Axe
28:56 Padded Archer Armor
30:33 Thumb Ring
31:04 Gold Mining
32:28 Gold Shaft Mining
32:11 Heavy Plow
33:24 Ballistics
36:53 Imperial Age
34:30 Fletching
34:55 Leather Archer Armor
34:58 Bow Saw
34:59 Town Watch
35:20 Bodkin Arrow
36:40 Town Patrol
37:16 Wheelbarrow
37:14 Cranequins
37:56 Bracer
39:19 Crop Rotation
39:51 Two-Man Saw
39:26 Bloodlines
39:17 Husbandry
39:49 Ring Archer Armor
39:26 Scale Barding Armor
39:21 Light Cavalry
39:44 Heavy Mounted Crossbowman
41:27 Hand Cart
42:06 Loom
42:42 Chain Barding Armor
42:53 Hussar
44:13 Forging
47:11 Elite Skirmisher
Nico
11:42 Feudal Age
12:25 Loom
15:21 Castle Age
13:12 Double-Bit Axe
24:45 Forging
27:07 Iron Casting
28:00 Scale Mail Armor
27:55 Man-at-Arms
29:58 Chain Mail Armor
34:10 Imperial Age
33:08 Fortified Wall
34:10 Squires
35:47 Gold Mining
36:35 Husbandry
36:37 Cavalier
39:42 Arson
39:47 Gambesons
43:24 Paladin
45:18 Blast Furnace
44:58 Scale Barding Armor
46:07 Conscription
47:04 Wheelbarrow
47:29 Chain Barding Armor
49:10 Fletching
49:22 Elite Skirmisher
50:07 Elite Throwing Axeman
52:34 Bodkin Arrow
52:40 Padded Archer Armor
54:05 Bow Saw
54:52 Plate Barding Armor
59:22 Treadmill Crane
59:08 Light Cavalry
63:23 Plate Mail Armor
63:09 Leather Archer Armor
MigueMigue
11:24 Feudal Age
15:30 Castle Age
14:16 Double-Bit Axe
14:13 Horse Collar
14:26 Gold Mining
32:24 Imperial Age
31:26 Fletching
32:16 Bow Saw
32:44 Wheelbarrow
32:22 Stone Mining
32:59 Bodkin Arrow
34:23 Ballistics
35:04 Chemistry
34:32 Padded Archer Armor
35:37 Bracer
38:00 Leather Archer Armor
39:33 Hand Cart
40:09 Conscription
41:15 Forging
41:50 Gold Shaft Mining
40:43 Elite Fire Archer
41:27 Sitting Tiger
41:36 Red Cliffs Tactics
43:03 Iron Casting
44:31 Heavy Hei Guang Cavalry
47:03 Bloodlines
46:54 Husbandry
47:59 Blast Furnace
47:04 Scale Barding Armor
50:13 Chain Barding Armor
52:02 Stone Shaft Mining
53:20 Plate Barding Armor
58:38 Sitting Tiger
58:25 Loom
58:26 Town Watch
58:44 Scale Mail Armor
59:46 Two-Man Saw
59:40 Chain Mail Armor
Sradi7
11:26 Feudal Age
16:17 Castle Age
17:59 Scale Mail Armor
26:42 Wheelbarrow
25:53 Town Watch
25:54 Loom
26:29 Double-Bit Axe
29:08 Horse Collar
30:41 Hand Cart
30:26 Gold Mining
30:27 Stone Mining
32:00 Gold Shaft Mining
34:35 Masonry
34:46 Ballistics
37:27 Imperial Age
36:38 Bow Saw
37:06 Pikeman
37:32 Arson
39:12 Chemistry
38:35 Forging
38:41 Chain Mail Armor
38:35 Heavy Plow
38:37 Halberdier
39:14 Heavy Scorpion
40:36 Conscription
47:39 Furor Celtica
48:07 Light Cavalry
49:28 Iron Casting
49:24 Plate Mail Armor
49:00 Scale Barding Armor
48:44 Hussar
51:38 Blast Furnace
55:05 Husbandry
54:26 Cavalier
57:54 Caravan
Moul_Thon
11:36 Feudal Age
15:43 Castle Age
13:57 Double-Bit Axe
14:10 Horse Collar
15:28 Town Watch
17:04 Scale Mail Armor
17:29 Forging
29:55 Chain Mail Armor
31:30 Wheelbarrow
32:40 Gold Mining
38:49 Imperial Age
36:53 Heavy Plow
37:39 Hand Cart
37:48 Hand Cart
37:47 Bow Saw
38:15 Gold Shaft Mining
39:26 Iron Casting
40:19 Conscription
39:22 Pikeman
39:47 Gambesons
40:08 Halberdier
40:36 Arson
40:57 Capped Ram
42:09 Plate Mail Armor
45:42 Fletching
45:38 Onager
48:08 Chemistry
47:14 Siege Engineers
47:21 Bodkin Arrow
49:26 Blast Furnace
49:01 Town Patrol
51:32 Siege Onager
[ALWM]jinikoro
12:06 Feudal Age
12:56 Double-Bit Axe
12:54 Horse Collar
19:20 Castle Age
19:51 Gold Mining
23:57 Scale Mail Armor
31:18 Wheelbarrow
31:54 Heavy Plow
33:35 Gold Shaft Mining
33:21 Hand Cart
34:08 Fletching
34:19 Padded Archer Armor
35:45 Bow Saw
36:03 Bodkin Arrow
36:23 Leather Archer Armor
36:44 Fortified Wall
40:01 Imperial Age
39:11 Elite Skirmisher
39:42 Crossbowman
41:18 Ring Archer Armor
41:52 Chemistry
41:03 Masonry
41:37 Conscription
41:25 Onager
43:03 Ballistics
Connection lost

Rejoining the realm…

Still unreachable

The connection could not be restored.

Session expired

The server has moved on; the page needs a fresh start.